 Dungeon Crawl Stone Soup version 0.19.4 (console) character file.

18578 Kloppie the Cleaver (level 12, -3/175 HPs)
             Began as a Purple Draconian Berserker on Feb 6, 2017.
             Was a High Priest of Trog.
             Slain by Rupert
             ... wielding a +2 executioner's axe of chopping
              (4 damage)
             ... on level 3 of the Lair of Beasts.
             The game lasted 00:19:02 (14292 turns).

Kloppie the Cleaver (Purple Draconian Berserker)   Turns: 14292, Time: 00:19:02

Health: -3/175     AC: 12    Str: 25    XL:     12   Next: 28%
Magic:  0/12       EV: 20    Int:  8    God:    Trog [*****.]
Gold:   868        SH:  8    Dex: 15    Spells: 0 memorised, 11 levels left

rFire  . . .     SeeInvis +     a - +0 war axe
rCold  . . .     Gourm    .     (armour unavailable)
rNeg   . . .     Faith    .     C - +2 buckler
rPois  .         Spirit   +     (helmet restricted)
rElec  .         Reflect  .     G - +0 cloak
rCorr  .         Harm     .     (no gloves)
MR     +....                    p - +2 pair of boots
Stlth  ..........               O - amulet of guardian spirit
                                y - +2 ring of slaying
                                q - ring of see invisible

@: berserking (expiring), very quick
A: breathe power, unfitting armour, robust 1, cold-blooded, AC +8
a: Breathe Dispelling Energy, Berserk, Trog's Hand, Brothers in Arms, Burn
Spellbooks, Renounce Religion


You were on level 3 of the Lair of Beasts.
You worshipped Trog.
Trog was extremely pleased with you.
You were near starving.

You visited 2 branches of the dungeon, and saw 13 of its levels.

You collected 868 gold pieces.

Inventory:

Hand Weapons
 a - a +0 war axe (weapon)
 b - a +1 mace of freezing
Armour
 p - a +2 pair of boots (worn)
 z - a +0 large shield
 C - a +2 buckler (worn)
 G - a +0 cloak (worn)
Jewellery
 l - an uncursed amulet of magic regeneration
 q - a ring of see invisible (left hand)
 s - an uncursed ring of protection from fire
 y - a +2 ring of slaying (right hand)
 M - an uncursed ring of positive energy
 O - an amulet of guardian spirit (around neck)
 P - an uncursed ring of flight
Wands
 c - a wand of paralysis (22/24)
 i - a wand of digging (15/24)
 L - a wand of paralysis (4/24)
Scrolls
 d - 3 scrolls of recharging
 k - 8 scrolls of identify
 n - 4 scrolls of magic mapping
 o - 6 scrolls of remove curse
 r - a scroll of fear
 t - a scroll of enchant weapon
 x - 3 scrolls of teleportation
 A - a scroll of fog
Potions
 e - 6 potions of might
 f - 2 potions of haste
 h - a potion of heal wounds
 j - 3 potions of curing
 B - 2 potions of lignification
 I - a potion of invisibility
 K - a potion of resistance
Miscellaneous
 J - a phial of floods
Comestibles
 g - 9 bread rations
 m - 4 meat rations
 u - 2 beef jerkies
 v - 5 fruits
 w - 7 slices of pizza
 H - a chunk of flesh


   Skills:
 - Level 10.4 Fighting
 + Level 11.9 Axes
 - Level 11.4 Dodging
 * Level 7.3 Shields


You had 11 spell levels left.
You didn't know any spells.

Dungeon Overview and Level Annotations

Branches:
Dungeon (10/15)            Temple (0/1) D:6            Lair (3/6) D:10
 Shoals (0/4) Lair:2
  Snake: Lair:2-4    Spider: Lair:2-4       Orc: D:9-12

Altars:
Ashenzari
Dithmenos
Okawaru
Qazlal
Ru
Sif Muna
Xom
Yredelemnul

Shops:
D:5 }   D:8 (

Annotations:
D:2 1 runed door
Lair:3 Rupert


Innate Abilities, Weirdness & Mutations

You can breathe bolts of dispelling energy.
Your rich purple scales are hard. (AC +8)
You cannot fit into any form of body armour.
You are cold-blooded and may be slowed by cold attacks.
You are robust. (+10% HP)


Message History

You slash Rupert! You tail-slap Rupert!
Rupert is severely wounded.
Rupert hits you with an executioner's axe of chopping!!
* * * LOW HITPOINT WARNING * * *
x2 You slice Rupert!!
Rupert is almost dead.
You hit Rupert. You tail-slap Rupert.
Rupert is almost dead.
Rupert barely misses you.
You barely miss Rupert.
Rupert is almost dead.
You barely miss Rupert.
Rupert is almost dead.
Rupert hits you with an executioner's axe of chopping!!!
* * * LOW HITPOINT WARNING * * *
x2 You hit Rupert.
You tail-slap Rupert.
Rupert is almost dead.
Rupert hits you with an executioner's axe of chopping!!!
* * * LOW HITPOINT WARNING * * *
You die...

#........### .# . ..#.
#.......# # ....#. #.......#
....#@ #.......### ## ..P#..
#.......#.##P##. ......
#............... ......####
#...............
......#P.####...............
...............@@...........
#######.#...###.##........#
#.#.#### ####.......#.#
##### ###......# ♣.≈≈≈.≈#
PPPP≈≈♣♣ #♣≈≈≈≈P♣ #≈P≈≈♣#
##♣≈♣#


You could see Rupert (berserk).

Vanquished Creatures
  The ghost of Jovan the Cruncher, a journeyman HuWn of Okawaru (Lair:1)
  A hill giant (D:10)
  A gargoyle (D:8)
  4 black mambas
  4 spiny frogs
  2 komodo dragons
  A two-headed ogre (D:8)
  3 slime creatures (D:10)
  A hornet (D:9)
  4 blink frogs (Lair:2)
  5 hippogriffs
  18 yaks
  4 hogs (D:7)
  2 wyverns
  2 basilisks (D:10)
  A human (D:7)
  6 water moccasins
  8 porcupines
  An eye of draining (D:8)
  5 sky beasts
  4 ice beasts
  3 orc warriors
  2 phantoms
  2 black bears (Lair:1)
  4 ogres
  A necrophage (D:9)
  8 wolves
  4 centaurs
  4 crocodiles
  7 bullfrogs
  2 scorpions (D:9)
  9 killer bees
  12 wights
  The ghost of fatfloppyjuicyveiny the Poker, a weakling OpBe of Trog (D:3)
  2 crimson imps
  A bullfrog zombie (D:6)
  2 hounds
  A quasit (D:7)
  2 jellies
  A gnoll shaman (D:5)
  4 orc priests
  17 orc wizards
  2 bullfrog skeletons
  Natasha (thrice) (D:4)
  10 iguanas
  6 worker ants
  A hound skeleton (D:7)
  A howler monkey zombie (D:5)
  2 worker ant zombies
  4 gnolls (D:5)
  15 adders
  A river rat (D:10)
  3 shadow imps
  An adder zombie (D:10)
  An adder skeleton (D:9)
  5 worms
  3 dart slugs
  5 leopard geckos
  19 orcs
  A ball python (D:3)
  5 giant cockroaches
  3 hobgoblins (D:2)
  4 jackals (D:9)
  8 quokkas
  A ball python skeleton (D:5)
  8 bats
  2 frilled lizards
  7 goblins
  A jackal zombie (D:2)
  8 kobolds
  2 quokka skeletons
  7 rats
  3 fungi
  A plant (Lair:2)
310 creatures vanquished.

Vanquished Creatures (others)
  A fungus (D:10)
  6 plants
7 creatures vanquished.

Grand Total: 317 creatures vanquished

Notes
Turn   | Place    | Note
-------+----------+-------------------------------------------
     0 | D:1      | Kloppie the Draconian Berserker began the quest for the Orb.
     0 | D:1      | Reached XP level 1. HP: 19/19 MP: 1/1
   104 | D:1      | Reached XP level 2. HP: 21/27 MP: 2/2
   512 | D:1      | You fall through a shaft!
  1196 | D:2      | Reached XP level 3. HP: 25/34 MP: 3/3
  1449 | D:2      | Found a runed door.
  1449 | D:2      | Noticed a human
  1452 | D:2      | Found a basalt altar of Yredelemnul.
  1555 | D:3      | Reached ** piety under Trog
  1820 | D:3      | Found a shimmering altar of Xom.
  2076 | D:3      | Noticed fatfloppyjuicyveiny's ghost (weakling OpBe)
  2082 | D:3      | Reached XP level 4. HP: 39/41 MP: 4/4
  2086 | D:3      | Killed fatfloppyjuicyveiny's ghost
  2086 | D:3      | Reached skill level 5 in Fighting
  2317 | D:3      | Reached XP level 5. HP: 48/48 MP: 5/5
  2800 | D:4      | Noticed Natasha
  2807 | D:4      | Killed Natasha
  2870 | D:4      | Noticed Natasha
  2881 | D:4      | Killed Natasha
  3181 | D:4      | Noticed Natasha
  3192 | D:4      | Killed Natasha
  3192 | D:4      | Reached XP level 6. HP: 58/58 MP: 6/6
  3315 | D:4      | Reached *** piety under Trog
  3581 | D:5      | Entered Level 5 of the Dungeon
  3757 | D:4      | Reached skill level 5 in Axes
  3891 | D:5      | Your scales start taking on a rich purple colour.
  3891 | D:5      | Reached XP level 7. HP: 57/67 MP: 7/7
  4052 | D:5      | Found a sacrificial altar of Ru.
  4059 | D:5      | Found Koasa's Quality Used Wands.
  4509 | D:6      | Reached XP level 8. HP: 74/74 MP: 8/8
  4572 | D:6      | Reached skill level 5 in Dodging
  4889 | D:6      | Found a staircase to the Ecumenical Temple.
  5567 | D:7      | Reached XP level 9. HP: 80/80 MP: 9/9
  5687 | D:7      | Reached **** piety under Trog
  5959 | D:7      | Found a shadowy altar of Dithmenos.
  6008 | D:7      | Found a basalt altar of Yredelemnul.
  6010 | D:7      | Found a shattered altar of Ashenzari.
  6010 | D:7      | Found an iron altar of Okawaru.
  6065 | D:7      | Received a gift from Trog
  6777 | D:8      | Found a faded altar of an unknown god.
  6777 | D:8      | Found a faded altar of an unknown god.
  6782 | D:8      | Found a faded altar of an unknown god.
  6784 | D:8      | Found a deep blue altar of Sif Muna.
  6786 | D:8      | Found a faded altar of an unknown god.
  6942 | D:8      | Reached XP level 10. HP: 61/88 MP: 10/10
  7106 | D:8      | Found Ilerr's Weapon Boutique.
  7108 | D:8      | Noticed a gargoyle
  7114 | D:8      | Killed a gargoyle
  7435 | D:8      | Reached skill level 10 in Dodging
  7763 | D:9      | Reached ***** piety under Trog
  8033 | D:9      | Found a stormy altar of Qazlal.
  8530 | D:10     | Entered Level 10 of the Dungeon
  8873 | D:10     | Received a gift from Trog
  8972 | D:10     | Reached skill level 10 in Axes
  9400 | D:10     | Found a staircase to the Lair.
  9432 | D:10     | Reached XP level 11. HP: 61/97 MP: 11/11
 10129 | Lair:1   | Entered Level 1 of the Lair of Beasts
 10129 | Lair:1   | Noticed Jovan's ghost (journeyman HuWn)
 10145 | Lair:1   | Reached skill level 10 in Fighting
 10154 | Lair:1   | Killed Jovan's ghost
 10974 | D:10     | Noticed a hill giant
 10986 | D:10     | Killed a hill giant
 11364 | Lair:1   | Reached skill level 1 in Shields
 12049 | Lair:1   | Gained mutation: You passively map a small area around you. [potion of mutation]
 12049 | Lair:1   | Lost mutation: You passively map a small area around you. [potion of mutation]
 12049 | Lair:1   | Gained mutation: You are robust. (+10% HP) [potion of mutation]
 13202 | Lair:2   | Found a staircase to the Shoals.
 13215 | Lair:2   | Reached skill level 5 in Shields
 13244 | Lair:2   | Reached XP level 12. HP: 88/117 MP: 12/12
 14176 | Lair:3   | Got a faintly glowing rapier
 14177 | Lair:3   | Identified the +5 rapier "Miulischu" {flame, *Corrode rPois Str+3} (You found it on level 3 of the Lair of Beasts)
 14263 | Lair:3   | Noticed Rupert
 14273 | Lair:3   | Paralysed by Rupert for 5 turns
 14292 | Lair:3   | HP: 1/175 [Rupert/executioner's axe of chopping (33)]
 14292 | Lair:3   | Slain by Rupert

Skill      XL: |  1  2  3  4  5  6  7  8  9 10 11 12 |
---------------+-------------------------------------+-----
Fighting       | 4 5 6 7 9 10 | 10.4
Axes           | 4 5 6 7 8 10 11 | 11.9
Dodging        | 4 7 9 10 11 | 11.4
Shields        | 5 7 |  7.3

Action                   |  1- 3 |  4- 6 |  7- 9 | 10-12 || total
-------------------------+-------+-------+-------+-------++-------
Melee: Hand axe          |   124 |   155 |   239 |    83 ||   601
       Tailslap          |    14 |    18 |    41 |   135 ||   208
       War axe           |       |       |       |   609 ||   609
Invok: Berserk           |     2 |     7 |    10 |    12 ||    31
       Trog's Hand       |       |       |     1 |     4 ||     5
       Brothers in Arms  |       |       |       |     1 ||     1
 Abil: Breathe Dispellin |       |       |       |     1 ||     1
  Use: Scroll            |     9 |       |     5 |     9 ||    23
       Potion            |       |     4 |     1 |     5 ||    10
 Stab: Sleeping          |       |     1 |     2 |     2 ||     5
  Eat: Chunk             |     5 |    11 |    15 |    30 ||    61
       Beef jerky        |       |     1 |       |       ||     1
       Meat ration       |       |       |     1 |     1 ||     2
       Royal jelly       |       |       |       |     1 ||     1
Armor: Skin              |    47 |    48 |    73 |   132 ||   300
Dodge: Dodged            |    95 |   111 |   174 |   615 ||   995
Block: Buckler           |       |       |       |    71 ||    71
